Map: [ESL] Cosmic Sapphire

Players

Solar - Winner!

  • Race: Zerg Zerg
  • League: Master
  • Spawn Location: 5:00

Serral

  • Race: Zerg Zerg
  • Spawn Location: 11:00

Event: HomeStory Cup XXII

VOD

Have the link to the VOD?

Description

Time

  • Played on: Dec. 15, 2022, 10:29 a.m.
  • Length: 8:37

All games in this series

Show
View Real Time Build Order
Export as new Build Order

Solar Zerg - Winner!

Build Orders: Hatch First 

Get SALT Encoding   

  12  0:00  Drone  
  13  0:11  Overlord  
  13  0:17  Drone  
  14  0:30  Drone x2  
  16  0:47  Hatchery  
  15  0:51  Drone  
  15  0:54  Drone  
  17  0:57  Drone  
  18  1:08  Extractor  
  17  1:12  Spawning Pool  
  17  1:15  Drone  
  17  1:19  Drone  
  18  1:27  Drone  
  19  1:37  Drone  
  20  1:49  Drone  
  21  1:58  Queen  
  21  1:59  Zergling x2, Queen  
  21  2:00  Overlord  
  26  2:10  Drone x2  
  26  2:12  Metabolic Boost  
  28  2:21  Drone x2  
  30  2:33  Hatchery  
  30  2:34  Drone  
  30  2:41  Queen  
  32  2:47  Baneling Nest  
  32  2:49  Zergling x2  
  32  2:52  Overlord  
  32  2:56  Drone  
  33  2:58  Drone  
  33  3:00  Drone  
  33  3:03  Drone  
  36  3:13  Drone x3  
  36  3:17  Zergling x2  
  36  3:18  Zergling x4  
  43  3:20  Zergling x2  
  43  3:23  Overlord  
  42  3:27  Zergling x2  
  43  3:34  Baneling  
  43  3:42  Zergling x10  
  43  3:45  Zergling x2  
  46  3:50  Zergling x4  
  46  3:55  Roach Warren  
  46  3:56  Overlord  
  46  3:57  Drone x2  
  46  3:58  Drone, Extractor  
  46  4:01  Drone x2  
  49  4:06  Overlord  
  49  4:11  Baneling  
  49  4:13  Zergling x4, Baneling  
  49  4:16  Overlord  
  51  4:22  Overlord  
  47  4:36  Roach x6  
  59  4:39  Roach  
  59  4:40  Roach  
  59  4:43  Baneling x2  
  59  4:45  Roach  
  64  4:49  Roach  
  64  4:51  Zergling x4  
  68  4:55  Zergling x4  
  68  4:57  Baneling  
  68  4:58  Baneling  
  70  5:02  Zergling x4  
  70  5:05  Zergling x4  
  74  5:08  Zergling x4  
  75  5:14  Baneling  
  75  5:15  Baneling x2  
  75  5:16  Baneling  
  75  5:19  Zergling x8  
  79  5:21  Baneling  
  79  5:26  Zergling x6  
  81  5:30  Overlord  
  81  5:32  Drone  
  81  5:35  Drone  
  83  5:36  Drone x2  
  83  5:39  Drone  
  83  5:41  Drone  
  86  5:43  Drone  
  86  5:45  Drone  
  87  5:51  Drone x2  
  87  5:52  Evolution Chamber  
  87  5:53  Drone  
  89  5:58  Lair  
  89  6:02  Drone x2, Extractor  
  88  6:06  Overlord  
  88  6:07  Drone  
  88  6:10  Drone  
  88  6:11  Drone x2  
  91  6:12  Drone  
  91  6:14  Drone  
  91  6:15  Drone  
  94  6:20  Drone  
  94  6:21  Zerg Missile Weapons Level 1  
  94  6:23  Overlord  
  95  6:28  Drone  
  95  6:29  Drone  
  95  6:31  Overlord  
  95  6:32  Drone x3  
  99  6:33  Drone  
  99  6:37  Extractor x2  
  98  6:43  Overlord  
  98  6:44  Drone  
  98  6:45  Drone x3, Extractor  
  105  6:47  Roach x2  
  105  6:53  Roach x2  
  109  6:55  Overlord  
  109  6:56  Overseer  
  109  7:00  Spire  
  107  7:02  Glial Reconstitution  
  107  7:04  Drone  
  107  7:05  Drone  
  107  7:07  Drone  
  110  7:10  Drone  
  110  7:12  Overlord  
  110  7:15  Roach x2  
  115  7:18  Drone  
  115  7:20  Roach x2  
  120  7:23  Overlord  
  120  7:26  Roach x2  
  120  7:27  Roach  
  122  7:30  Roach  
  122  7:32  Drone  
  122  7:33  Drone  
  122  7:35  Drone  
  122  7:36  Overlord  
  121  7:48  Overlord  
  121  7:53  Hatchery, Overlord  
  139  8:32  Extractor x2  
Show
View Real Time Build Order
Export as new Build Order

Serral Zerg 

Build Orders: Hatch First 

Get SALT Encoding   

  12  0:00  Drone  
  13  0:11  Overlord  
  13  0:16  Drone  
  14  0:30  Drone x2  
  16  0:47  Hatchery  
  15  0:50  Drone  
  15  0:54  Drone  
  17  0:57  Drone  
  18  1:08  Extractor  
  17  1:12  Spawning Pool  
  17  1:15  Drone  
  17  1:18  Drone  
  18  1:27  Drone  
  19  1:37  Drone  
  20  1:49  Drone  
  21  1:59  Zergling x2, Queen x2  
  21  2:00  Overlord  
  26  2:08  Metabolic Boost  
  26  2:10  Drone x2  
  28  2:20  Zergling x2  
  28  2:22  Drone  
  30  2:31  Hatchery  
  30  2:34  Drone  
  31  2:37  Drone  
  32  2:44  Drone, Overlord  
  32  2:57  Zergling x2  
  32  2:58  Zergling x2  
  34  3:07  Zergling x16  
  42  3:18  Drone  
  42  3:19  Overlord  
  43  3:28  Drone  
  43  3:30  Baneling Nest  
  43  3:33  Overlord  
  43  3:38  Drone x2  
  45  3:42  Drone x3  
  45  3:43  Drone  
  45  3:45  Drone x2  
  45  3:47  Drone  
  47  3:50  Zergling x2  
  47  3:52  Zergling x2  
  47  3:54  Queen  
  47  3:55  Zergling x2  
  45  4:01  Zergling x2  
  45  4:02  Evolution Chamber  
  45  4:07  Extractor  
  45  4:08  Zergling x2  
  45  4:09  Zergling x2  
  46  4:12  Zergling x2  
  46  4:14  Baneling x4  
  46  4:15  Zergling x2  
  48  4:19  Zergling x2, Baneling x2  
  48  4:20  Queen  
  48  4:22  Zergling x2  
  48  4:23  Zergling x2, Extractor  
  53  4:26  Zergling x2  
  53  4:28  Zergling x2  
  53  4:30  Zergling x2  
  53  4:31  Zergling x2  
  53  4:38  Roach Warren  
  50  4:39  Drone x2, Extractor  
  50  4:41  Drone  
  52  4:46  Drone x3  
  55  4:53  Overlord  
  55  4:55  Drone  
  55  4:56  Drone  
  57  5:03  Drone x2  
  59  5:09  Spine Crawler  
  57  5:17  Overlord  
  57  5:18  Roach x4  
  64  5:26  Roach x2  
  61  5:30  Roach x2  
  61  5:31  Evolution Chamber  
  61  5:34  Zergling x6  
  67  5:36  Zergling x2  
  67  5:38  Roach  
  67  5:39  Roach x2  
  73  5:46  Roach  
  76  5:51  Lair, Roach  
  76  5:55  Roach, Extractor  
  77  5:57  Spine Crawler  
  77  6:02  Overlord x3  
  76  6:10  Extractor  
  75  6:12  Zerg Missile Weapons Level 1  
  74  6:22  Drone  
  74  6:23  Drone x5  
  79  6:37  Drone  
  79  6:38  Hatchery  
  79  6:39  Drone x6  
  84  6:51  Spire, Roach x2  
  84  6:54  Overlord  
  87  6:55  Glial Reconstitution  
  87  7:00  Roach x2  
  91  7:06  Overlord  
  91  7:09  Roach x2  
  91  7:14  Roach x2  
  91  7:15  Roach  
  101  7:19  Overlord  
  101  7:24  Roach  
  97  7:38  Drone x2  
  99  7:45  Drone x2  
  99  7:46  Roach x4  
  109  7:52  Overseer, Roach  
  109  7:57  Drone x5  
  116  8:03  Roach  
  118  8:09  Roach x4  
  126  8:16  Roach x2  
Tags
 
Add a new tag
Caveats
  • Supply blocks, unpowered buildings, or Contaminate may cause inaccurate times.
  • Supply counts are checked every 10 seconds.